Match 46591774
Unlisted

Match 46591774
End
Construct Barracks
Selects Heavy Weapons
Riflemen Squad
1⁄4-ton 4x4 Truck
Riflemen Squad
Riflemen Squad
Construct Weapon Support Center
Mechanized Support Center
M1919 Machine Gun Team
Selects M2HB .50cal Heavy Machine Gun
M3 Armored Personnel Carrier
M1918 Browning Automatic Rifles
Grenade Package
Selects Rapid Reposition
M1919 Machine Gun Team
Construct Tank Depot
Selects Bolstered Team Weapons
Engineer Squad
Selects Assault Carriers
Selects Halftrack Strongpoints
M18 Hellcat Tank Destroyer
Designate Forward Repair Station
M18 Hellcat Tank Destroyer
M18 Hellcat Tank Destroyer
Improvised Armor
Rapid Repairs
.30 cal Machine Gun
Selects M26 Pershing Heavy Tank
M26 Pershing Heavy Tank
Asterix & Obelix
Mr_NoteAr
User1diego
007
Cruentus
OttomanPower
KoM
XeG4
0
0

Comments sign in to comment!

No comments posted yet!